 BcadrenCrawl: Boulder Brew version 0.03.3.1 (webtiles) character file.

Game seed: 6362822865454786761, levelgen mode: deterministic

609 Chiseanne the Ducker (level 7, 0/49 HPs) Goblin Demonspawn. Began on Mar 13, 2021. Slain by a big kobold ... wielding a cursed +8 club {(Curse: *Noise Fragile)} (8 damage) ... on level 2 of the Dungeon. The game lasted 00:07:40 (2490 turns).

Chiseanne the Ducker (Goblin Demonspawn)            Turns: 2490, Time: 00:07:41

Health: 0/49       AC:  5    Str:  8    XL:     7 ^: 138
Magic:  8/8        EV: 15    Int:  6    God:
Gold:   111        SH:  0    Dex: 10    Spells: 7/8 levels left

rFire    . . .     Vision   .   a - +0 rapier
rCold    . . .     Gourm    .   e - +1 club
rNeg     . . .     Faith    .   l - +0 ring mail
rPois    .         Spirit   .   (no helmet)
rElec    .         Reflect  .   (no cloak)
rCorr    .         Harm     .   (no gloves)
MR       .....                  (no boots)
Stlth    ++++......             (no amulet)
HPRegen  0.26/turn              (no ring)
MPRegen  0.18/turn              (no ring)

@: no status effects
A: small, stagnant stats, goblin's greed, thin skeletal structure 2, low mp 1,
mutation resistance 1, nightstalker 1, powered by pain 1, god's pity 2
a: no special abilities


You were on level 2 of the Dungeon.
You were not hungry.

You visited 1 branch of the dungeon, and saw 3 of its levels.

You collected 91 gold pieces.

Inventory:

Weapons
 a - a +0 rapier (weapon)
 e - a +1 club (weapon) Shields
 f - a +0 buckler
Armour
 l - a +0 ring mail (worn)
Jewellery
 c - an uncursed ring of wizardry
 m - an uncursed ring of stealth
Scrolls
 j - 4 scrolls of teleportation
 n - a scroll of amnesia
Potions
 g - a potion of mutation
 k - a potion of brilliance
Comestibles
 d - 3 rations


   Skills:
 * Level 4.3 Fighting
 * Level 4.9 Short Blades
 * Level 2.6 Maces & Staves
 * Level 3.1 Armour
 * Level 5.7 Dodging
 * Level 4.6 Stealth
 - Level 1.3 Spellcasting
 - Level 2.6 Fire Magic
   Level 4.0 Invocations


You had 7 spell levels left.
You knew the following spells:

 Your Spells              Type           Power        Failure   Level  Hunger
a - Flame Tongue          Fire           3 (30)       24%         1    ##.....

Your spell library contained the following spells:

 Spells                   Type           Power        Failure   Level  Hunger
 Conjure Flame            Fire           3 (100)      58%         3    ####...
 Blink                    Tloc           N/A          73%         2    ###....
 Call Imp                 Summ           0 (100)      73%         2    ###....
 Slow                     Hex            0 (100)      73%         2    ###....
 Mephitic Cloud           Pois/Air       0 (100)      91%         3    ####...


Dungeon Overview and Level Annotations

Branches:
Dungeon (3/8)

Altars:


Innate Abilities, Weirdness & Mutations

Your stats never grow through leveling.
Your goblin ancestry allows you to find more gold. (+20%)
You are small and have problems with some larger weapons.
You have a moderately thin skeletal structure. (Dex +4, Stealth+)
Your magical capacity is low. (-10% MP)
You are somewhat resistant to further mutation.
You are slightly more attuned to the shadows.
You sometimes gain a little power by taking damage.
The pity of the gods increases the power of your passive and invoked divine abilities.


Message History

The sewer rat closely misses you (0). The sewer rat bites you (6).
You hit the sewer rat (6). You hit the sewer rat but do no damage.
The sewer rat misses you (0). The sewer rat closely misses you (0).
The sewer rat bites you but does no damage.
The big kobold shouts!
You hit the sewer rat but do no damage. You sock the sewer rat (8)!
You kill the sewer rat!
The big kobold misses you (0).
You see here a sewer rat corpse.
You hit the big kobold (1). x2
The big kobold hits you with a cursed +8 club {(Curse: *Noise Fragile)} (3).
The big kobold hits you with a cursed +8 club {(Curse: *Noise Fragile)} (5).
You hit the big kobold (6). You hit the big kobold (3).
The big kobold hits you with a cursed +8 club {(Curse: *Noise Fragile)} (9)!
The big kobold hits you but does no damage.
The big kobold blocks your attack.
You hit the big kobold (5).
The big kobold hits you with a cursed +8 club {(Curse: *Noise Fragile)} (9)!
* * * LOW HITPOINT WARNING * * *
The big kobold hits you with a cursed +8 club {(Curse: *Noise Fragile)} (8)!
You die...

≈≈≈≈≈≈P≈≈.≈≈≈≈..
≈≈≈≈≈b≈≈..≈§≈..≈≈≈≈≈≈≈≈≈.
≈≈≈≈≈≈≈..≈≈§≈.≈≈≈≈≈≈≈b≈≈.≈≈
≈b≈;≈≈≈≈.≈≈≈≈≈≈≈≈≈≈≈..≈.b≈≈
≈≈≈.b.≈≈.≈≈≈≈.≈≈≈≈...≈≈≈.≈≈
...≈≈.≈.≈≈≈≈ ≈..≈≈≈≈≈.≈≈
..#≈.##.##≈## ###..≈≈≈≈≈#
.≈≈#...≈....####≈≈†.≈≈≈≈.##
..≈#...≈≈....≈≈.@†††.....≈#
##≈##..##..≈#...K####≈..r.#
≈####≈###...#....# ##≈.≈#
P..#≈≈###.≈##...÷###### ..#
#.≈..≈≈..≈.###≈..††≈≈.# .#
P.≈.....≈≈## #..÷#....# # ≈
###.#...### #..≈#≈..≈# # ..
≈≈###.#### ##.≈##≈..# .#...
..#.≈....##
#≈.####.###....≈


You could see a big kobold.

Vanquished Creatures
  A bullfrog (D:2)
  2 big kobolds (D:2)
  3 jellies (D:2)
  5 giant cockroaches
  A gnoll (D:1)
  15 sewer rats (D:2)
  2 worms (D:2)
  3 cinder newts
  2 oozes (D:2)
  A dart slug (D:1)
  3 leopard geckos
  An adder skeleton (D:2)
  2 ball pythons (D:2)
  7 bats
  2 goblins (D:1)
  4 hobgoblins (D:1)
  10 kobolds
  A bat skeleton (D:2)
  A goblin skeleton (D:2)
  7 rats
  3 withered plants (D:2)
76 creatures vanquished.

Vanquished Creatures (others)
  A leopard gecko (D:2)
  A kobold skeleton (D:2)
  145 withered plants (D:2)
147 creatures vanquished.

Grand Total: 223 creatures vanquished

Notes
Turn   | Place    | Note
-------+----------+-------------------------------------------
     0 | D:1      | Chiseanne the Goblin Demonspawn began the quest for the
                  | Orb.
     0 | D:1      | Reached XP level 1. HP: 13/13 MP: 2/2
    86 | D:1      | Gained mutation: You have a somewhat thin skeletal
                  | structure. (Dex +2, Stealth) [demonic ancestry]
    86 | D:1      | Reached XP level 2. HP: 16/19 MP: 3/3
   130 | D:1      | Reached XP level 3. HP: 24/24 MP: 4/4
   246 | D:1      | Gained mutation: You are slightly more attuned to the
                  | shadows. [demonic ancestry]
   246 | D:1      | Reached XP level 4. HP: 30/30 MP: 5/5
   795 | D:2      | Noticed a big kobold
   839 | D:2      | Gained mutation: You have a moderately thin skeletal
                  | structure. (Dex +4, Stealth+) [demonic ancestry]
   839 | D:2      | Reached XP level 5. HP: 31/36 MP: 6/6
   845 | D:2      | Reached skill level 5 in Dodging
   861 | D:2      | Reached skill level 1 in Armour
   861 | D:2      | Reached XP level 6. HP: 18/42 MP: 7/7
  1170 | D:2      | Reached skill level 1 in Maces & Staves
  1600 | D:2      | HP: 2/43 [bullfrog (4)]
  1601 | D:2      | Gained mutation: You sometimes gain a little power by
                  | taking damage. [demonic ancestry]
  1601 | D:2      | Reached XP level 7. HP: 3/47 MP: 8/8
  2156 | D:2      | HP: 1/48 [big kobold (4)]
  2161 | D:2      | HP: 2/48 [big kobold (2)]
  2490 | D:2      | Slain by a big kobold

Levels and vault maps discovered:
D:1:      matt_arrival_los_fun, layout_cave_pools, serial_column_ruins,
          column_ruins_hut, column_ruins_open_small,
          column_ruins_columns_straight, column_ruins_open_tiny,
          column_ruins_columns_straight, column_ruins_corridor_straight,
          column_ruins_corridor_corner
D:2:      minmay_recursive_quarters, layout_sewer
D:3:      layout_gridville, lemuel_coloured_pillars_altar, first_ration

Skill      XL: |  1  2  3  4  5  6  7 |
---------------+----------------------+-----
Short Blades   | 3 4 |  4.9
Fighting       | 2 3 4 |  4.3
Stealth        | 3 4 |  4.6
Dodging        | 5 |  5.7
Armour         | 1 2 3 |  3.1
Maces & Staves | 1 2 |  2.6
Spellcasting   | |  1.3
Fire Magic     | |  2.6
Invocations    | |  4.0

Action                   |  1- 3 |  4- 6 |  7- 9 || total
-------------------------+-------+-------+-------++-------
Melee: Rapier            |    37 |    96 |    64 ||   197
       Unarmed           |     8 |       |       ||     8
       Club              |    13 |    65 |    56 ||   134
  Use: Scroll            |     1 |     1 |       ||     2
       Potion            |       |     1 |     1 ||     2
 Stab: Sleeping          |     1 |     4 |       ||     5
  Eat: Chunk             |       |     1 |     2 ||     3
       Ration            |       |     1 |       ||     1
Armor: Leather armour    |     5 |     4 |       ||     9
       Ring mail         |       |    68 |    17 ||    85
Dodge: Dodged            |    47 |   241 |   103 ||   391
